 Dungeon Crawl Stone Soup version 0.29-a0-96-g93358da72b (webtiles) character file.

Game seed: 17666342280355439678

59 cyrus the Skirmisher (level 4, -2/40 (42) HPs)
             Began as a Naga Abyssal Knight on Feb 11, 2022.
             Was a Follower of Lugonu.
             Slain by an orc wizard (3 damage)
             ... on level 3 of the Dungeon.
             The game lasted 00:05:19 (2010 turns).

cyrus the Skirmisher (Naga Abyssal Knight)          Turns: 2010, Time: 00:05:19

HP:   -2/40 (42)    AC:  3    Str: 17    XL:     4   Next: 3%
MP:   5/5           EV:  9    Int: 10    God:    Lugonu [*.....]
Gold: 97            SH:  0    Dex: 12    Spells: 3/3 levels left

rFire   . . .      SeeInvis +   c - +1 quarterstaff (spect)
rCold   . . .      Faith    .   (shield currently unavailable)
rNeg    . . .      Spirit   .   b - +0 leather armour
rPois   +          Reflect  .   (no helmet)
rElec   .          Harm     .   (no cloak)
rCorr   .          Rampage  .   (no gloves)
Will    .....                   (no barding)
Stlth   +.........              (no amulet)
HPRegen 0.13/turn               (no ring)
MPRegen 0.09/turn               (no ring)

@: lightly drained, very slow
A: AC +1, large, see invisible, deformed body, poison resistance, slowness 2,
spit poison 1, naga tail 1
a: Spit Poison, Renounce Religion, Depart the Abyss


You were on level 3 of the Dungeon.
You worshipped Lugonu.
Lugonu was aware of your devotion.
You visited 1 branch of the dungeon, and saw 3 of its levels.
You visited the Abyss 1 time.

You collected 97 gold pieces.

Inventory:

Hand Weapons
 a - a +1 falchion
 c - a +1 spectral quarterstaff (weapon)
Armour
 b - a +0 leather armour (worn)
Scrolls
 d - 4 scrolls of fear {unknown}
 f - a scroll of blinking {unknown}
 g - 2 scrolls of teleportation {unknown}
Potions
 e - a potion of might {unknown}
 h - 2 potions of heal wounds {unknown}


   Skills:
 + Level 3.5 Fighting
 + Level 2.2 Long Blades
 + Level 2.0 Staves
 + Level 1.9 Armour
 + Level 0.8 Dodging
 + Level 1.0 Stealth
 + Level 2.1 Invocations


You had 3 spell levels left.
You didn't know any spells.
Your spell library contained the following spells:

 Spells                   Type           Power      Damage    Failure   Level
 Conjure Ball Lightning   Conj/Air       0%         3x3d6     100%        6
 Discord                  Hex            0%         N/A       100%        8
 Disjunction              Tloc           0%         N/A       100%        8


Dungeon Overview and Level Annotations

Branches:
Dungeon (3/15)

Altars:

Shops:
D:1 [**


Innate Abilities, Weirdness & Mutations

Your serpentine skin is tough. (AC +1)
You have supernaturally acute eyesight. (SInv)
Armour fits poorly on your strangely shaped body.
Your system is resistant to poisons. (rPois)
You cover ground very slowly.
You can spit poison.
You have a snake-like lower body.


Message History

The orc barely misses you.
The orc wizard hits your +1 spectral quarterstaff with a +0 dagger.
You barely miss the orc wizard.
Your +1 spectral quarterstaff misses the orc wizard.
The orc wizard hits you with a +0 dagger.
You hit the orc wizard but do no damage.
The orc hits you with a +0 mace. The orc barely misses you.
The orc wizard hits you with a +0 dagger.
The orc hits you with a +0 mace!
You barely miss the orc wizard. The orc barely misses you.
The orc wizard completely misses you. The orc hits you with a +0 mace.
The orc barely misses you.
You swap places.
The orc hits you with a +0 mace.
The orc wizard hits you with a +0 dagger.
* * * LOW HITPOINT WARNING * * *
The orc wizard casts a spell.
The orc wizard flickers and vanishes for a moment.
Found a scroll labelled ITZOPREONUN.
The orc wizard closely misses you.
The orc wizard hits you with a +0 dagger.
* * * LOW HITPOINT WARNING * * *
You see here a scroll labelled ITZOPREONUN.
The orc wizard points at you and mumbles some strange words.
The magic dart hits you!
* * * LOW HITPOINT WARNING * * *
You hit the orc wizard but do no damage.
The orc wizard hits you with a +0 dagger.
* * * LOW HITPOINT WARNING * * *
The orc wizard hits you with a +0 dagger.
* * * LOW HITPOINT WARNING * * *
You hit the orc wizard.
The orc wizard is lightly wounded.
The orc wizard hits you but does no damage.
You miss the orc wizard.
The orc wizard is lightly wounded.
The orc wizard hits you but does no damage.
The orc wizard hits you with a +0 dagger.
* * * LOW HITPOINT WARNING * * *
The orc wizard hits you with a +0 dagger.
You die...

........# #..
........## ..
......... #.##
........##.###..####.#
.......)<#...........#
.........######..#
######.#..)...o#.#
#.###...#.#.######
#@#######.#.......
#.ooo..?..#.......
############......
.......#.[####
#....##.####
#...........
..#....###.###
.......†......
..########..##


You could see an orc wizard (invisible) and 2 orcs.

Vanquished Creatures
  An adder (D:2)
  A worm (D:2)
  A dart slug (D:3)
  4 orcs (D:3)
  2 ball pythons
  2 bats (D:1)
  4 endoplasms (D:2)
  A giant cockroach (D:2)
  4 goblins
  6 hobgoblins
  3 jackals (D:1)
  A quokka (D:3)
  2 frilled lizards (D:1)
  5 rats
37 creatures vanquished.

Notes
Turn   | Place    | Note
-------+----------+-------------------------------------------
     0 | Abyss:1  | cyrus the Naga Abyssal Knight began the quest for the Orb.
     0 | Abyss:1  | Reached XP level 1. HP: 21/21 MP: 2/2
     1 | D:1      | Escaped the Abyss
     8 | D:1      | Noticed a black mamba
     9 | D:1      | Noticed a six-headed hydra
     9 | D:1      | Noticed a snapping turtle
    97 | D:1      | Found Noun's Antique Armour Emporium.
   124 | D:1      | Reached * piety under Lugonu
   203 | D:1      | Found Omymomm's General Store.
   527 | D:1      | Found Arebiwun's General Store.
   532 | D:1      | Reached skill level 1 in Staves
   532 | D:1      | Reached XP level 2. HP: 28/28 MP: 3/3
   639 | D:1      | Found a faded altar of an unknown god.
   957 | D:2      | Reached XP level 3. HP: 34/34 MP: 4/4
  1786 | D:3      | Reached skill level 1 in Stealth
  1984 | D:3      | Reached XP level 4. HP: 39/40 MP: 5/5
  2006 | D:3      | HP: 1/40 [orc wizard (2)]
  2010 | D:3      | Slain by an orc wizard

Illustrated notes

Levels and vault maps discovered:
D:1:      onia_arrival_zoo_common, layout_loops_cross, serial_shops, shop,
          nicolae_shop_temple_entry_statues_fountains, nicolae_shop_stone,
          shapermc_ecumenical_altar_pompeii, hangedman_decor_opposing,
          grunt_decor_mini_mirrors
D:2:      layout_rooms
D:3:      layout_basic

Skill      XL: |  1  2  3 |
---------------+----------+-----
Staves         | 1 2 |  2.0
Stealth        | 1 |  1.0
Fighting       | |  3.5
Long Blades    | |  2.2
Armour         | |  1.9
Dodging        | |  0.8
Invocations    | |  2.1

Action                   |  1- 3 |  4- 6 || total
-------------------------+-------+-------++-------
Melee: Quarterstaff      |    47 |    10 ||    57
       Falchion          |     4 |       ||     4
Invok: Depart the Abyss  |     1 |       ||     1
Armor: Leather armour    |     9 |     3 ||    12
Dodge: Dodged            |    29 |     6 ||    35

Table legend: (Time is in decaauts)
 A = Elapsed time spent in this place.
 B = Non-inter-level travel time spent in this place.
 C = Inter-level travel time spent in this place.
 D = Time resting spent in this place.
 E = Time spent auto-exploring this place.
 F = Levels seen in this place.
 G = Mean time per level.
                   A        B        C        D        E       F      G
               +--------+--------+--------+--------+--------+-----+--------+
         Total |   2464 |   2407 |     57 |    326 |   1612 |   4 |  616.0 |
       Dungeon |   2463 |   2406 |     57 |    326 |   1612 |   3 |  821.0 |
         Abyss |      1 |      1 |      0 |      0 |      0 |   1 |    1.0 |
               +--------+--------+--------+--------+--------+-----+--------+

Top non-repeatable levels by time:
     D:1: 1215 daAuts
     D:2: 770 daAuts
     D:3: 477 daAuts
 Abyss:1: 1 daAuts
